 Dungeon Crawl Stone Soup version 0.26-a0-597-gb535b09 (webtiles) character file.

Game seed: 13672515625169697345

91195 Apothem the Blocker (level 16, -2/127 HPs)
             Began as a Gnoll Fighter on Aug 25, 2020.
             Was the Champion of Okawaru.
             Slain by a +5 double sword of distortion (21 damage)
             ... on level 2 of the Elven Halls on Aug 26, 2020.
             The game lasted 01:14:37 (26750 turns).

Apothem the Blocker (Gnoll Fighter)                Turns: 26750, Time: 01:14:38

Health: -2/127     AC: 28    Str: 34    XL:     16   Next: 2%
Magic:  16/30      EV: 12    Int: 14    God:    Okawaru [******]
Gold:   1730       SH: 21    Dex: 15    Spells: 36/36 levels left

rFire    + + .     SeeInvis .   t - +9 mace of Orphoxalo {holy, rC+ rN+ Str+4}
rCold    + + .     Faith    .   r - +0 tower shield {rN+}
rNeg     + + .     Spirit   .   w - +2 plate armour "Jiff" {Str+2}
rPois    +         Reflect  .   K - +2 helmet
rElec    +         Harm     .   n - scarf {repulsion}
rCorr    +                      O - +2 pair of gloves of Defiance {Stlth+}
MR       +++..                  L - +2 pair of boots {Fly}
Stlth    +.........             H - amulet of regeneration
HPRegen  0.71/turn              J - +6 ring of strength
MPRegen  0.22/turn              h - ring of Vufuwn {rF+ MR++}

@: mighty, resistant, finesse, flying, lightly drained, repel missiles
A: distributed training, fangs 1, poison resistance, subdued magic 1, strong
nose
a: Heroism, Finesse, Renounce Religion, Stop Flying


You were on level 2 of the Elven Halls.
You worshipped Okawaru.
Okawaru was exalted by your worship.
You visited 6 branches of the dungeon, and saw 27 of its levels.
You also visited: Bailey.

You collected 2034 gold pieces.
You spent 304 gold pieces at shops.

Inventory:

Hand Weapons
 t - the +9 mace of Orphoxalo (weapon) {holy, rC+ rN+ Str+4}
   (You found it on level 4 of the Dungeon)

   It has been blessed by the Shining One to cause great damage to the undead
   and demons.
   It affects your strength (+4).
   It protects you from cold.
   It protects you from negative energy.
 y - a +2 vampiric war axe
Missiles
 M - 9 javelins (quivered)
Armour
 c - a +3 kite shield
 n - a scarf of repulsion (worn)
 r - a +0 tower shield of positive energy (worn)
 w - the +2 plate armour "Jiff" (worn) {Str+2}
   (You found it in a bailey)

   It affects your strength (+2).
 K - a +2 helmet (worn)
 L - a +2 pair of boots of flying (worn)
 O - the +2 pair of gloves of Defiance (worn) {Stlth+}
   (You found it on level 11 of the Dungeon)

   It makes you more stealthy.
Jewellery
 a - an uncursed amulet of the acrobat
 h - the ring of Vufuwn (right hand) {rF+ MR++}
   (You found it on level 6 of the Lair of Beasts)

   [ring of protection from fire]

   It protects you from fire.
   It affects your resistance to hostile enchantments.
 E - an uncursed ring of wizardry
 H - an amulet of regeneration (around neck)
 J - a +6 ring of strength (left hand)
 X - an uncursed ring of resist corrosion
Wands
 b - a wand of enslavement (8)
 p - a wand of acid (14)
 q - a wand of disintegration (20)
 s - a wand of paralysis (6)
 v - a wand of iceblast (22)
 I - a wand of flame (29)
Scrolls
 e - 4 scrolls of teleportation
 g - 8 scrolls of immolation
 i - a scroll of silence {unknown}
 k - 6 scrolls of fear
 m - a scroll of random uselessness
 C - a scroll of summoning {unknown}
 D - 8 scrolls of remove curse
 G - 12 scrolls of identify
 N - 2 scrolls of vulnerability
 P - 2 scrolls of enchant armour
 Q - 3 scrolls of fog
 R - 3 scrolls of enchant weapon
 T - 2 scrolls of blinking
 U - a scroll of amnesia
 W - a scroll of magic mapping
Potions
 d - a potion of might
 f - 4 potions of resistance
 j - 3 potions of curing
 l - 2 potions of lignification
 o - a potion of cancellation
 u - 3 potions of berserk rage
 z - a potion of brilliance
 A - a potion of stabbing
 B - a potion of invisibility
 F - 2 potions of mutation
 S - a potion of ambrosia
 Y - a potion of magic
Miscellaneous
 x - a condenser vane (2/2)
 V - a tin of tremorstones (3/3)
 Z - a phial of floods


   Skills:
 + Level 12.1(11.9) Fighting
 + Level 10.5(10.3) Short Blades
 + Level 10.5(10.3) Long Blades
 + Level 11.3(11.2) Axes
 + Level 10.5(10.3) Maces & Flails
 + Level 10.5(10.3) Polearms
 + Level 10.5(10.3) Staves
 + Level 10.5(10.3) Slings
 + Level 10.5(10.3) Bows
 + Level 10.5(10.3) Crossbows
 + Level 10.5(10.3) Throwing
 + Level 12.1(11.9) Armour
 + Level 10.5(10.3) Dodging
 + Level 10.5(10.3) Stealth
 + Level 12.1(11.9) Shields
 + Level 10.5(10.3) Unarmed Combat
 + Level 10.5(10.3) Spellcasting
 + Level 8.9(8.7) Conjurations
 + Level 8.9(8.7) Hexes
 + Level 8.9(8.7) Summonings
 + Level 8.9(8.7) Necromancy
 + Level 8.9(8.7) Translocations
 + Level 8.9(8.7) Transmutations
 + Level 8.9(8.7) Fire Magic
 + Level 8.9(8.7) Ice Magic
 + Level 8.9(8.7) Air Magic
 + Level 8.9(8.7) Earth Magic
 + Level 8.9(8.7) Poison Magic
 + Level 11.3(11.1) Invocations
 + Level 10.5(10.3) Evocations


You had 36 spell levels left.
You didn't know any spells.
Your spell library contained the following spells:

 Spells                   Type           Power        Failure   Level
 Beastly Appendage        Tmut           ###...       6%          1
 Corona                   Hex            ###....      6%          1
 Magic Dart               Conj           ###.         6%          1
 Sandblast                Erth           ###...       6%          1
 Summon Small Mammal      Summ           ###.         6%          1
 Call Imp                 Summ           ###.....     10%         2
 Corpse Rot               Necr/Air       N/A          10%         2
 Ensorcelled Hibernation  Hex/Ice        ###...       10%         2
 Passwall                 Tmut/Erth      ###.....     10%         2
 Poisonous Vapours        Pois/Air       ###...       10%         2
 Searing Ray              Conj           ###...       10%         2
 Sublimation of Blood     Necr           ###.......   10%         2
 Wereblood                Tmut           ###.....     10%         2
 Call Canine Familiar     Summ           ###.....     21%         3
 Confusing Touch          Hex            ###.....     21%         3
 Dazzling Flash           Conj/Hex       ###...       21%         3
 Frozen Ramparts          Ice            ###...       21%         3
 Ozocubu's Armour         Ice            ###.....     21%         3
 Spider Form              Tmut/Pois      ###.......   21%         3
 Stone Arrow              Conj/Erth      ###...       21%         3
 Summon Guardian Golem    Hex/Summ       ###.....     21%         3
 Tukima's Dance           Hex            ###.....     21%         3
 Dispel Undead            Necr           ###.....     56%         4
 Fulminant Prism          Conj/Hex       ###.......   56%         4
 Ice Form                 Ice/Tmut       ###.....     56%         4
 Iskenderun's Mystic Bla  Conj/Tloc      ###.....     56%         4
 Petrify                  Tmut/Erth      ###.....     56%         4
 Summon Ice Beast         Ice/Summ       ###.....     56%         4
 Summon Lightning Spire   Summ/Air       ###.....     56%         4
 Agony                    Necr           ###.....     89%         5
 Blade Hands              Tmut           ###.......   89%         5
 Borgnjor's Vile Clutch   Necr/Erth      ###.......   89%         5
 Excruciating Wounds      Necr           ###.......   89%         5
 Lee's Rapid Deconstruct  Erth           ###.......   89%         5
 Silence                  Hex/Air        ###.......   89%         5
 Shadow Creatures         Summ           N/A          100%        6
 Simulacrum               Ice/Necr       ###.......   100%        6


Dungeon Overview and Level Annotations

Branches:
Dungeon (15/15)            Temple (1/1) D:6            Lair (6/6) D:9
  Swamp (0/4) Lair:2       Spider (0/4) Lair:4        Slime (0/5) Lair:6
    Orc (2/2) D:10            Elf (1/3) Orc:2        Depths (1/5) D:15
 Bailey (visited)
 Vaults: D:13-14

Altars:
Ashenzari
Cheibriados
Dithmenos
Elyvilon
Fedhas
Gozag
Hepliaklqana
Kikubaaqudgha
Makhleb
Nemelex Xobeh
Okawaru
Qazlal
Ru
Sif Muna
Trog
Uskayaw
Vehumet
Wu Jian
Xom
Yredelemnul
Zin
The Shining One
Beogh

Shops:
D:11 *   D:13 [   D:14 !   Orc:2 }[*(


Innate Abilities, Weirdness & Mutations

Your experience applies equally to all skills.
You have very sharp teeth.
Your uncanny sense of smell can sniff out nearby items.
Your system is resistant to poisons. (rPois)
Your spells are a little easier to cast, but a little less powerful.


Message History

The deep elf mage casts a spell.
You block the +2 battleaxe of electrocution's attack.
You block the +5 double sword of distortion's attack.
The +5 double sword of distortion hits you!
Space warps horribly around you!
* * * LOW HITPOINT WARNING * * *
The deep elf mage casts a spell.
You feel very mighty all of a sudden.
The +5 double sword of distortion closely misses you.
The +2 battleaxe of electrocution completely misses you.
You feel protected.
You block the +5 double sword of distortion's attack.
You block the +2 battleaxe of electrocution's attack.
You can now deal lightning-fast blows.
You block the +5 double sword of distortion's attack.
You block the redback's attack.
The +5 double sword of distortion hits you!!
* * * LOW HITPOINT WARNING * * *
Space warps horribly around you!!
You die...

.. ........... ..
.......... ..
.......... .#
.......... .##
#.......# ..##
##.....## ##...#
###......r#####@...#
##...(.......##((s..#
....(...se.....e(..##
..........(.e.s....#
#..##..#s.##.##..###
### ##############


You could see a deep elf knight, a deep elf mage, 2 redbacks and 3 dancing
weapons.

Vanquished Creatures
  Rupert (Orc:2)
  Gastronok (Lair:1)
  The ghost of PezBoy the Fencer, a journeyman MiGl of the Shining One (Orc:2)
  A deep elf demonologist (Elf:1)
  Nessos (D:15)
  The ghost of Agrom the Destroyer, a journeyman DgCj (Lair:2)
  A fire dragon (Depths:1)
  8 hydras
  A catoblepas (Lair:6)
  5 dancing weapons (Elf:1)
  A deep troll shaman (Lair:6)
  A centaur warrior (D:13)
  6 death yaks (Lair:6)
  6 two-headed ogres
  Urug (Lair:4)
  Sonja (Lair:1)
  2 deep elf knights (Elf:1)
  Nergalle (Lair:1)
  2 unseen horrors
  A skeletal warrior (D:15)
  4 deep elf archers (Elf:1)
  A shadow dragon zombie (D:15)
  A phantasmal warrior (D:15)
  A necromancer (D:15)
  6 ugly things
  4 cyclopes
  2 oklob plants
  An orc knight (Bailey)
  7 orc sorcerers (Orc:2)
  14 deep elf magi (Elf:1)
  A manticore (D:14)
  Joseph (D:10)
  3 elephants (Lair:6)
  5 black mambas
  Psyche (D:8)
  6 cane toads
  A torpor snail (Lair:3)
  A rime drake (shapeshifter) (D:14)
  2 rime drakes
  5 komodo dragons
  A guardian mummy (D:15)
  A freezing wraith (D:15)
  2 jumping spiders (Lair:4)
  2 polar bears
  2 tengu conjurers (D:13)
  A hornet (D:13)
  7 trolls
  21 blink frogs
  6 slime creatures (D:12)
  A deep troll zombie (D:15)
  A spriggan zombie (D:15)
  8 hippogriffs
  2 wraiths
  2 vampires
  3 redbacks
  2 water elementals
  A shadow (D:11)
  A fire elemental (Elf:1)
  48 yaks
  2 basilisks
  6 wyverns
  8 vampire mosquitoes
  4 wargs (Orc:2)
  2 acid dragons
  14 water moccasins
  Duvessa (D:6)
  5 porcupines
  20 orc warriors
  3 ice beasts
  3 black bears
  An eye of draining (D:10)
  2 phantoms (D:6)
  4 sky beasts
  2 necrophages
  6 ogres
  4 wolves (Lair:6)
  8 centaurs
  7 crocodiles
  A yaktaur zombie (D:15)
  4 big kobolds
  19 bullfrogs
  2 wyvern zombies
  Dowan (D:6)
  6 scorpions
  6 wights
  7 killer bees
  2 electric eels
  3 howler monkeys
  3 centaur zombies
  2 quasits (D:9)
  17 orc priests
  11 hounds
  40 orc wizards
  9 jellies
  5 centaur skeletons
  7 iguanas
  12 worker ants
  3 hound zombies
  2 hound skeletons
  A worker ant zombie (D:11)
  4 gnolls
  A howler monkey skeleton (D:6)
  14 adders
  3 shadow imps
  2 white imps (D:7)
  2 ufetubi
  19 oozes
  An adder zombie (D:7)
  2 adder skeletons
  2 worms
  2 dart slugs
  2 leopard geckos
  102 orcs
  A ball python (D:3)
  5 giant cockroaches
  20 goblins
  8 hobgoblins
  5 jackals (D:6)
  4 quokkas
  18 bats
  4 frilled lizards
  A goblin skeleton (D:9)
  A goblin zombie (D:9)
  4 hobgoblin zombies (D:9)
  48 kobolds
  2 kobold zombies (D:9)
  2 leopard gecko skeletons
  2 quokka skeletons
  A quokka zombie (D:5)
  7 rats
776 creatures vanquished.

Vanquished Creatures (collateral kills)
  A centaur warrior (Depths:1)
1 creature vanquished.

Vanquished Creatures (others)
  A black mamba (Lair:4)
  A big kobold (D:14)
  2 orc wizards (Orc:2)
  2 human simulacra (D:14)
  A kobold (D:14)
  16 fungi
  26 plants
  4 withered plants (D:15)
53 creatures vanquished.

Grand Total: 830 creatures vanquished

Notes
Turn   | Place    | Note
-------+----------+-------------------------------------------
     0 | D:1      | Apothem the Gnoll Fighter began the quest for the Orb.
     0 | D:1      | Reached XP level 1. HP: 23/23 MP: 1/1
   134 | D:1      | Reached XP level 2. HP: 29/29 MP: 2/2
   380 | D:1      | Reached XP level 3. HP: 35/35 MP: 3/3
   825 | D:2      | Reached skill level 1 in Invocations
  1015 | D:2      | Found a shattered altar of Ashenzari.
  1197 | D:2      | Reached skill level 1 in Short Blades
  1197 | D:2      | Reached skill level 1 in Long Blades
  1197 | D:2      | Reached skill level 1 in Maces & Flails
  1197 | D:2      | Reached skill level 1 in Polearms
  1197 | D:2      | Reached skill level 1 in Staves
  1197 | D:2      | Reached skill level 1 in Slings
  1197 | D:2      | Reached skill level 1 in Bows
  1197 | D:2      | Reached skill level 1 in Crossbows
  1197 | D:2      | Reached skill level 1 in Throwing
  1197 | D:2      | Reached skill level 1 in Dodging
  1197 | D:2      | Reached skill level 1 in Stealth
  1197 | D:2      | Reached skill level 1 in Unarmed Combat
  1197 | D:2      | Reached skill level 1 in Spellcasting
  1197 | D:2      | Reached skill level 1 in Evocations
  1718 | D:3      | Reached XP level 4. HP: 41/41 MP: 5/5
  1806 | D:3      | Reached skill level 1 in Conjurations
  1806 | D:3      | Reached skill level 1 in Hexes
  1806 | D:3      | Reached skill level 1 in Summonings
  1806 | D:3      | Reached skill level 1 in Necromancy
  1806 | D:3      | Reached skill level 1 in Translocations
  1806 | D:3      | Reached skill level 1 in Transmutations
  1806 | D:3      | Reached skill level 1 in Fire Magic
  1806 | D:3      | Reached skill level 1 in Ice Magic
  1806 | D:3      | Reached skill level 1 in Air Magic
  1806 | D:3      | Reached skill level 1 in Earth Magic
  1806 | D:3      | Reached skill level 1 in Poison Magic
  1902 | D:3      | Found a sparkling altar of Nemelex Xobeh.
  1943 | D:3      | Reached XP level 5. HP: 46/47 MP: 5/7
  1989 | D:3      | Found a blossoming altar of Fedhas.
  2055 | D:3      | Found a white marble altar of Elyvilon.
  2285 | D:3      | Found a bloodstained altar of Trog.
  2342 | D:3      | Found a snail-covered altar of Cheibriados.
  2819 | D:4      | Reached XP level 6. HP: 22/53 MP: 8/8
  3089 | D:4      | Got a jewelled mace
  3098 | D:4      | Identified the +9 mace of Orphoxalo {holy, rC+ rN+ Str+4}
                  | (You found it on level 4 of the Dungeon)
  3154 | D:4      | Reached skill level 5 in Axes
  3639 | D:5      | Entered Level 5 of the Dungeon
  3755 | D:5      | Reached XP level 7. HP: 41/59 MP: 10/10
  4587 | D:6      | Found a staircase to the Ecumenical Temple.
  4688 | D:6      | Reached XP level 8. HP: 42/67 MP: 12/12
  4714 | D:6      | Found a shadowy altar of Dithmenos.
  4835 | D:6      | Noticed Duvessa
  4835 | D:6      | Noticed Dowan
  4844 | D:6      | Killed Dowan
  4860 | D:6      | Killed Duvessa
  5210 | D:6      | HP: 1/67 [orc warrior/+0 dire flail (16)]
  5632 | D:6      | Reached XP level 9. HP: 20/72 MP: 14/14
  6041 | Temple   | Entered the Ecumenical Temple
  6298 | Temple   | Upgraded the game from 0.26-a0-591-g04f19ec to
                  | 0.26-a0-597-gb535b09
  6310 | Temple   | Became a worshipper of Warmaster Okawaru
  6484 | D:7      | Noticed a kobold demonologist
  6525 | D:7      | Found a transporter.
  6533 | D:7      | Found a transporter.
  7105 | D:7      | Reached * piety under Okawaru
  7682 | D:7      | Noticed a hellwing
  7690 | D:7      | Noticed a sixfirhy
  7872 | D:7      | Got a faintly glowing scale mail
  7883 | D:7      | Identified the +1 scale mail of the Other Side {rF+ rN+}
                  | (You found it on level 7 of the Dungeon)
  7894 | D:7      | Noticed an orange demon
  8075 | D:8      | Found a sacrificial altar of Ru.
  8159 | D:8      | Noticed Psyche
  8171 | D:8      | Killed Psyche
  8329 | D:8      | Reached skill level 5 in Invocations
  8509 | D:8      | Found an ornate altar of the Wu Jian Council.
  8515 | D:8      | Reached XP level 10. HP: 79/80 MP: 17/17
  8558 | D:8      | Noticed a two-headed ogre
  8565 | D:8      | Killed a two-headed ogre
  8565 | D:8      | Reached ** piety under Okawaru
  8565 | D:8      | Reached skill level 5 in Short Blades
  8565 | D:8      | Reached skill level 5 in Long Blades
  8565 | D:8      | Reached skill level 5 in Maces & Flails
  8565 | D:8      | Reached skill level 5 in Polearms
  8565 | D:8      | Reached skill level 5 in Staves
  8565 | D:8      | Reached skill level 5 in Slings
  8565 | D:8      | Reached skill level 5 in Bows
  8565 | D:8      | Reached skill level 5 in Crossbows
  8565 | D:8      | Reached skill level 5 in Throwing
  8565 | D:8      | Reached skill level 5 in Dodging
  8565 | D:8      | Reached skill level 5 in Stealth
  8565 | D:8      | Reached skill level 5 in Unarmed Combat
  8565 | D:8      | Reached skill level 5 in Spellcasting
  8565 | D:8      | Reached skill level 5 in Evocations
  8935 | D:8      | Found an opulent altar of Gozag.
  8935 | D:8      | Found a glowing silver altar of Zin.
  9106 | D:9      | Found a staircase to the Lair.
  9140 | D:9      | Reached *** piety under Okawaru
  9176 | D:9      | Found a bloodstained altar of Trog.
  9216 | D:9      | Found a shimmering altar of Xom.
  9413 | D:9      | Found a stormy altar of Qazlal.
  9499 | D:9      | Found a glowing golden altar of the Shining One.
  9520 | D:9      | Received a gift from Okawaru
  9660 | D:10     | Entered Level 10 of the Dungeon
  9795 | D:10     | Noticed Joseph
  9811 | D:10     | Reached **** piety under Okawaru
  9814 | D:10     | Killed Joseph
  9814 | D:10     | Reached XP level 11. HP: 34/87 MP: 19/19
  9940 | D:10     | Found a staircase to the Orcish Mines.
 10457 | D:10     | Received a gift from Okawaru
 10457 | D:10     | Reached skill level 5 in Conjurations
 10457 | D:10     | Reached skill level 5 in Hexes
 10457 | D:10     | Reached skill level 5 in Summonings
 10457 | D:10     | Reached skill level 5 in Necromancy
 10457 | D:10     | Reached skill level 5 in Translocations
 10457 | D:10     | Reached skill level 5 in Transmutations
 10457 | D:10     | Reached skill level 5 in Fire Magic
 10457 | D:10     | Reached skill level 5 in Ice Magic
 10457 | D:10     | Reached skill level 5 in Air Magic
 10457 | D:10     | Reached skill level 5 in Earth Magic
 10457 | D:10     | Reached skill level 5 in Poison Magic
 10738 | D:11     | Noticed a two-headed ogre
 10749 | D:11     | Killed a two-headed ogre
 10749 | D:11     | Reached ***** piety under Okawaru
 10749 | D:11     | Received a gift from Okawaru
 10910 | D:11     | Noticed a two-headed ogre
 10921 | D:11     | Killed a two-headed ogre
 11236 | D:11     | Found Puim's Mayhem Merchandise.
 11394 | D:11     | Received a gift from Okawaru
 11597 | D:11     | Noticed a two-headed ogre
 11608 | D:11     | Killed a two-headed ogre
 11721 | D:11     | Got a pair of slimy gloves
 11732 | D:11     | Identified the +2 pair of gloves of Defiance {Stlth+} (You
                  | found it on level 11 of the Dungeon)
 11820 | D:12     | Reached XP level 12. HP: 94/96 MP: 22/22
 11828 | D:12     | Noticed a two-headed ogre
 11837 | D:12     | Killed a two-headed ogre
 11871 | D:12     | Found a shimmering blue altar of Sif Muna.
 12008 | D:12     | Received a gift from Okawaru
 12185 | D:12     | Noticed a two-headed ogre
 12199 | D:12     | Killed a two-headed ogre
 12769 | D:12     | Noticed a seven-headed hydra
 12780 | D:12     | Killed a seven-headed hydra
 12780 | D:12     | Reached skill level 10 in Fighting
 12780 | D:12     | Reached skill level 10 in Armour
 12780 | D:12     | Reached skill level 10 in Shields
 12931 | D:12     | Got a jewelled mace
 12932 | D:12     | Identified the cursed +0 mace of Untruth {venom, +Inv
                  | Dex+7} (You found it on level 12 of the Dungeon)
 13130 | D:13     | Noticed a centaur warrior
 13151 | D:13     | Killed a centaur warrior
 13235 | D:13     | Reached ****** piety under Okawaru
 13241 | D:13     | Received a gift from Okawaru
 13308 | D:13     | Reached XP level 13. HP: 103/103 MP: 24/24
 13338 | D:13     | Found Geffa's Antique Armour Shoppe.
 13524 | D:13     | Received a gift from Okawaru
 13527 | D:13     | Got a crystal broad axe {god gift}
 13528 | D:13     | Identified the +1 broad axe of Modesty {distort, MR- Int+4}
                  | (Okawaru gifted it to you on level 13 of the Dungeon)
 13529 | D:13     | Gained mutation: Armour fits poorly on your strangely
                  | shaped body. [mutagenic glow]
 13543 | D:13     | Gained mutation: Your spells are a little easier to cast,
                  | but a little less powerful. [mutagenic glow]
 14718 | D:14     | Found a flagged portal.
 14727 | Bailey   | Entered a bailey
 14933 | Bailey   | Got a smoking plate armour
 14944 | Bailey   | Identified the +2 plate armour "Jiff" {Str+2} (You found it
                  | in a bailey)
 15184 | D:14     | Found Uliogh's Distillery.
 15210 | D:14     | Bought a potion of heal wounds for 65 gold pieces
 15210 | D:14     | Bought a potion of mutation for 104 gold pieces
 15244 | D:14     | Lost mutation: Your spells are a little easier to cast, but
                  | a little less powerful. [potion of mutation]
 15244 | D:14     | Lost mutation: Armour fits poorly on your strangely shaped
                  | body. [potion of mutation]
 15244 | D:14     | Gained mutation: Your spells are a little easier to cast,
                  | but a little less powerful. [potion of mutation]
 15244 | D:14     | Gained mutation: Your system is resistant to poisons.
                  | (rPois) [potion of mutation]
 15733 | D:15     | Entered Level 15 of the Dungeon
 15765 | D:15     | Noticed Nessos
 15771 | D:15     | Killed Nessos
 16013 | D:15     | Found a staircase to the Depths.
 16041 | D:15     | Received a gift from Okawaru
 16188 | D:15     | Received a gift from Okawaru
 17189 | Depths:1 | Entered Level 1 of the Depths
 17189 | Depths:1 | Noticed a fire dragon
 17227 | Depths:1 | Killed a fire dragon
 17238 | Depths:1 | Noticed a yaktaur captain
 17550 | Lair:1   | Entered Level 1 of the Lair of Beasts
 17998 | Lair:1   | Reached XP level 14. HP: 104/111 MP: 26/26
 18213 | Lair:1   | Noticed Nergalle
 18249 | Lair:1   | Killed Nergalle
 18249 | Lair:1   | Received a gift from Okawaru
 18249 | Lair:1   | Reached skill level 10 in Axes
 18519 | Lair:1   | Noticed Gastronok
 18547 | Lair:1   | Killed Gastronok
 18827 | Lair:1   | Noticed Sonja
 18834 | Lair:1   | Killed Sonja
 19205 | Lair:2   | Found a staircase to the Swamp.
 19537 | Lair:2   | Reached skill level 10 in Invocations
 19589 | Lair:2   | Received a gift from Okawaru
 19801 | Lair:2   | Found a runed translucent door.
 19802 | Lair:2   | Noticed Agrom's ghost (journeyman DgCj)
 20048 | Lair:2   | Killed Agrom's ghost
 20168 | Lair:2   | Received a gift from Okawaru
 20920 | Lair:3   | Found a runed translucent door.
 21073 | Lair:4   | Found a hole to the Spider Nest.
 21107 | Lair:4   | Noticed Urug
 21572 | Lair:4   | Killed Urug
 22784 | Lair:6   | Entered Level 6 of the Lair of Beasts
 23023 | Lair:6   | Received a gift from Okawaru
 23127 | Lair:6   | Reached XP level 15. HP: 106/119 MP: 28/28
 23258 | Lair:6   | Received a gift from Okawaru
 23361 | Lair:6   | Found a shadowy altar of Dithmenos.
 23696 | Lair:6   | Found a staircase to the Slime Pits.
 23965 | Lair:6   | Reached skill level 10 in Short Blades
 23965 | Lair:6   | Reached skill level 10 in Long Blades
 23965 | Lair:6   | Reached skill level 10 in Maces & Flails
 23965 | Lair:6   | Reached skill level 10 in Polearms
 23965 | Lair:6   | Reached skill level 10 in Staves
 23965 | Lair:6   | Reached skill level 10 in Slings
 23965 | Lair:6   | Reached skill level 10 in Bows
 23965 | Lair:6   | Reached skill level 10 in Crossbows
 23965 | Lair:6   | Reached skill level 10 in Throwing
 23965 | Lair:6   | Reached skill level 10 in Dodging
 23965 | Lair:6   | Reached skill level 10 in Stealth
 23965 | Lair:6   | Reached skill level 10 in Unarmed Combat
 23965 | Lair:6   | Reached skill level 10 in Spellcasting
 23965 | Lair:6   | Reached skill level 10 in Evocations
 24037 | Lair:6   | Got a sparkling ivory ring
 24039 | Lair:6   | Identified the ring of Vufuwn {rF+ MR++} (You found it on
                  | level 6 of the Lair of Beasts)
 24663 | Orc:1    | Entered Level 1 of the Orcish Mines
 24695 | Orc:1    | You are sucked into a shaft and drop 1 floor!
 24695 | Orc:2    | Entered Level 2 of the Orcish Mines
 24946 | Orc:2    | Found Itrymori's Weapon Emporium.
 24946 | Orc:2    | Found Esakloith's General Store.
 25187 | Orc:2    | Found Ymag's Antique Armour Emporium.
 25187 | Orc:2    | Found Qyan's Gadget Boutique.
 25217 | Orc:2    | Bought a wand of paralysis (7) for 135 gold pieces
 25251 | Orc:2    | Found a roughly hewn altar of Beogh.
 25345 | Orc:2    | Noticed Rupert
 25369 | Orc:2    | Killed Rupert
 25400 | Orc:2    | Found a staircase to the Elven Halls.
 25646 | Orc:2    | Received a gift from Okawaru
 25664 | Orc:2    | Found a runed translucent door.
 25665 | Orc:2    | Noticed PezBoy's ghost (journeyman MiGl)
 25966 | Orc:2    | Killed PezBoy's ghost
 25975 | Orc:2    | Identified the Guide on Ice and Poisoning
 26073 | Elf:1    | Entered Level 1 of the Elven Halls
 26076 | Elf:1    | Noticed a Brimstone Fiend
 26377 | Elf:1    | Received a gift from Okawaru
 26731 | Elf:1    | Reached XP level 16. HP: 127/127 MP: 30/30
 26735 | Elf:1    | You are sucked into a shaft and drop 1 floor!
 26750 | Elf:2    | Slain by a +5 double sword of distortion

Illustrated notes

Levels and vault maps discovered:
D:1:      psy_arrival_conway, layout_basic
D:2:      layout_loops_corners, nicolae_ashenzari_panopticon,
          minmay_misc_feat_tiny
D:3:      layout_basic, marbit_many_paths, old_standard_altar,
          kennysheep_slug_shrine, fedhas_altar_3, trog_hazing_becter
D:4:      layout_loops_cross
D:5:      layout_loops_corners, grunt_ministairs_9
D:6:      layout_loops_ring, grunt_dithmenos_shadows,
          minmay_temple_entry_gardened_gates, portal_sewer_entry_d, uniq_duvessa
D:7:      gammafunk_wand_slinger, layout_rooms
D:8:      layout_loops_ring, grunt_temple_overflow_gold_and_silver,
          old_standard_altar, kennysheep_mini_moat, uniq_psyche
D:9:      layout_rooms, lemuel_round_altar, nicolae_qazlal_style_of_elements,
          nicolae_tso_besieged_by_evil, grunt_lair_entry_orc_guard_hut,
          basic_altar
D:10:     layout_roguey, orc_0_dummy, uniq_joseph
D:11:     layout_gridville, chequers_decorated_corner, minmay_shop_mayhem
D:12:     layout_stronghold, lemuel_oklob_altar
D:13:     layout_cave_pools, david_vaults_5, serial_shops,
          nicolae_shop_waterfront, dk_noncrumbling_4
D:14:     layout_stronghold, minivault_27, enter_bailey_3, serial_shops,
          nicolae_shop_stone, minmay_misc_feat_chi, bh_circular_ruins
D:15:     gammafunk_depths_entry_grave, layout_stronghold,
          minmay_misc_feat_plants, uniq_nessos
Temple:   compressed_dpeg_triangle_lava_temple
Lair:1:   layout_layer_cave, chequers_serial_rivers_marsh,
          infiniplex_staircase_pool_2, uniq_gastronok, uniq_nergalle, uniq_sonja
Lair:2:   layout_gridlike, swamp_mist_pool, ebering_ghost_inner_flame,
          patterned_corridor, grunt_megastairs_5
Lair:3:   lemuel_slime, layout_misc_corridors, pf_torpor_hydra
Lair:4:   layout_roguey, spider_nest_entry_a, uniq_urug
Lair:5:   layout_gridlike, small_statue_intersection, grunt_megastairs_1
Lair:6:   grunt_lair_end_beastmaster, layout_big_grid, dpeg_slime_entry_corner,
          basic_altar, grunt_megastairs_3
Orc:1:    layout_diamond_mine, nicolae_orc_rockfall
Orc:2:    st_orc_town, layout_diamond_mine, ebering_ghost_reflecting_pool,
          roderic_batcave, uniq_rupert
Elf:1:    layout_geoelf_octagon, enter_trove_5, hangedman_elf_represent
Elf:2:    layout_geoelf_octagon, serial_shops, shop, nicolae_shop_trees,
          nicolae_shop_stone, shop
Depths:1: layout_cave_shapes, pan_entry, hangedman_coc_ice_floe,
          grunt_ministairs_15, kennysheep_cluttered_room, hex_large,
          minmay_misc_feat_more_columns, chequers_serial_rivers_room_b,
          lightli_fourway_metalbox

Skill      XL: |  1  2  3  4  5  6  7  8  9 10 11 12 13 14 15 |
---------------+----------------------------------------------+-----
Invocations    | 1 2 3 4 5 6 7 8 9 10 11 | 11.3
Short Blades   | 1 2 3 4 5 6 7 8 9 10 | 10.5
Long Blades    | 1 2 3 4 5 6 7 8 9 10 | 10.5
Maces & Flails | 1 2 3 4 5 6 7 8 9 10 | 10.5
Polearms       | 1 2 3 4 5 6 7 8 9 10 | 10.5
Staves         | 1 2 3 4 5 6 7 8 9 10 | 10.5
Slings         | 1 2 3 4 5 6 7 8 9 10 | 10.5
Bows           | 1 2 3 4 5 6 7 8 9 10 | 10.5
Crossbows      | 1 2 3 4 5 6 7 8 9 10 | 10.5
Throwing       | 1 2 3 4 5 6 7 8 9 10 | 10.5
Dodging        | 1 2 3 4 5 6 7 8 9 10 | 10.5
Stealth        | 1 2 3 4 5 6 7 8 9 10 | 10.5
Unarmed Combat | 1 2 3 4 5 6 7 8 9 10 | 10.5
Spellcasting   | 1 2 3 4 5 6 7 8 9 10 | 10.5
Evocations     | 1 2 3 4 5 6 7 8 9 10 | 10.5
Conjurations   | 1 2 3 4 5 6 7 8 |  8.9
Hexes          | 1 2 3 4 5 6 7 8 |  8.9
Summonings     | 1 2 3 4 5 6 7 8 |  8.9
Necromancy     | 1 2 3 4 5 6 7 8 |  8.9
Translocations | 1 2 3 4 5 6 7 8 |  8.9
Transmutations | 1 2 3 4 5 6 7 8 |  8.9
Fire Magic     | 1 2 3 4 5 6 7 8 |  8.9
Ice Magic      | 1 2 3 4 5 6 7 8 |  8.9
Air Magic      | 1 2 3 4 5 6 7 8 |  8.9
Earth Magic    | 1 2 3 4 5 6 7 8 |  8.9
Poison Magic   | 1 2 3 4 5 6 7 8 |  8.9
Axes           | 5 6 7 8 9 10 11 | 11.3
Fighting       | 7 8 9 10 11 12 | 12.1
Armour         | 7 8 9 10 11 12 | 12.1
Shields        | 7 8 9 10 11 12 | 12.1

Action                   |  1- 3 |  4- 6 |  7- 9 | 10-12 | 13-15 | 16-18 || total
-------------------------+-------+-------+-------+-------+-------+-------++-------
Melee: War axe           |    67 |   109 |       |       |       |       ||   176
       Bite              |    10 |    14 |    36 |   112 |   328 |       ||   500
       Mace              |       |    28 |   282 |   611 |  1660 |     3 ||  2584
Throw: Javelin           |       |     3 |     4 |    58 |    59 |     1 ||   125
Invok: Heroism           |       |       |     1 |     5 |    13 |       ||    19
       Finesse           |       |       |       |     1 |     3 |     1 ||     5
Evoke: Wand              |       |       |     3 |     6 |    17 |     2 ||    28
       Phial of floods   |       |       |       |       |     1 |       ||     1
       Tin of tremorston |       |       |       |       |     1 |       ||     1
       Condenser vane    |       |       |       |       |     1 |       ||     1
  Use: Scroll            |       |       |    17 |     3 |    10 |       ||    30
       Potion            |       |       |     1 |     1 |    14 |     2 ||    18
 Stab: Sleeping          |       |       |     1 |     8 |    13 |       ||    22
       Distracted        |       |       |       |     2 |       |       ||     2
Armor: Scale mail        |    18 |    54 |    97 |   250 |   204 |       ||   623
       Plate armour      |       |       |       |       |   492 |     2 ||   494
Dodge: Dodged            |    18 |    37 |   120 |   293 |   791 |     4 ||  1263
       Repelled          |       |       |       |       |    12 |       ||    12
Block: Kite shield       |    36 |   100 |   218 |   646 |  1111 |       ||  2111
       Tower shield      |       |       |       |       |   622 |    10 ||   632

Table legend: (Time is in decaauts)
 A = Elapsed time spent in this place.
 B = Non-inter-level travel time spent in this place.
 C = Inter-level travel time spent in this place.
 D = Time resting spent in this place.
 E = Time spent auto-exploring this place.
 F = Levels seen in this place.
 G = Mean time per level.
                   A        B        C        D        E       F      G
               +--------+--------+--------+--------+--------+-----+--------+
         Total |  26909 |  25609 |   1300 |   1089 |  17594 |  28 |  961.0 |
       Dungeon |  17230 |  16375 |    855 |   1089 |  11227 |  15 | 1148.7 |
        Temple |    276 |    258 |     18 |      0 |    256 |   1 |  276.0 |
          Lair |   6976 |   6599 |    377 |      0 |   4961 |   6 | 1162.7 |
  Orcish Mines |   1400 |   1350 |     50 |      0 |    782 |   2 |  700.0 |
   Elven Halls |    671 |    671 |      0 |      0 |    351 |   2 |  335.5 |
        Depths |     80 |     80 |      0 |      0 |      0 |   1 |   80.0 |
        Bailey |    273 |    273 |      0 |      0 |     17 |   1 |  273.0 |
               +--------+--------+--------+--------+--------+-----+--------+

Top non-repeatable levels by time:
     D:7: 1749 daAuts
  Lair:6: 1715 daAuts
    D:15: 1646 daAuts
  Lair:1: 1605 daAuts
     D:6: 1560 daAuts
    D:13: 1444 daAuts
   Orc:2: 1368 daAuts
    D:12: 1291 daAuts
  Lair:2: 1179 daAuts
    D:11: 1161 daAuts
    D:10: 1107 daAuts
     D:2: 1080 daAuts
  Lair:3: 1033 daAuts
     D:4: 1005 daAuts
     D:3: 986 daAuts
